 Dungeon Crawl Stone Soup version 0.27-a0-385-g3208abaabc (webtiles) character file.

Game seed: 130753590019618982

60 rednaxela the Poker (level 4, 0/31 HPs)
             Began as an Octopode Berserker on Feb 19, 2021.
             Was a Believer of Trog.
             Slain by a gnoll
             ... wielding a +0 spear
              (8 damage)
             ... on level 2 of the Dungeon.
             The game lasted 00:06:37 (1582 turns).

rednaxela the Poker (Octopode Berserker)            Turns: 1582, Time: 00:06:38

Health: 0/31       AC:  1    Str: 16    XL:     4   Next: 4%
Magic:  4/4        EV:  9    Int:  9    God:    Trog [**....]
Gold:   119        SH: 11    Dex: 12    Spells: 3/3 levels left

rFire    . . .     SeeInvis .   a - +0 spear
rCold    . . .     Faith    .   i - +0 tower shield
rNeg     . . .     Spirit   .   (helmet restricted)
rPois    .         Reflect  .   (no amulet)
rElec    .         Harm     .   (no ring)
rCorr    .         Rampage  .   (no ring)
Will     .....                  (no ring)
Stlth    ++........             (no ring)
HPRegen  0.10/turn              (no ring)
MPRegen  0.09/turn              (no ring)
                                (no ring)
                                (no ring)

@: no status effects
A: almost no armour, stealthy swim, amphibious, 8 rings, constrict 8, camouflage
1, gelatinous body 1
a: Renounce Religion, Berserk, Trog's Hand


You were on level 2 of the Dungeon.
You worshipped Trog.
Trog was pleased with you.
You visited 1 branch of the dungeon, and saw 3 of its levels.

You collected 119 gold pieces.

Inventory:

Hand Weapons
 a - a +0 spear (weapon)
Missiles
 c - 28 poisoned darts (quivered)
 e - 6 datura-tipped darts
Armour
 i - a +0 tower shield (worn)
   (You found it on level 1 of the Dungeon)
Scrolls
 d - a scroll of identify {unknown}
 f - a scroll of teleportation {unknown}
 h - 2 scrolls of enchant weapon {unknown}
 k - a scroll of random uselessness {unknown}
 l - a scroll of noise {unknown}
Potions
 g - a potion of lignification {unknown}
 j - a potion of attraction {unknown}


   Skills:
 - Level 3.1 Fighting
 + Level 4.3 Polearms
 - Level 3.1 Dodging
 + Level 1.4 Shields


You had 3 spell levels left.
You didn't know any spells.
Your spell library was empty.

Dungeon Overview and Level Annotations

Branches:
Dungeon (3/15)

Altars:
Ashenzari
Kikubaaqudgha
Qazlal
Zin

Annotations:
D:3 !grinder, Grinder


Innate Abilities, Weirdness & Mutations

You cannot wear most types of armour.
You are very stealthy in the water. (Stealth+)
You are amphibious.
You can wear up to eight rings at the same time.
You can use your tentacles to constrict eight enemies at once.
Your skin changes colour to match your surroundings (Stealth+).
Your rubbery body absorbs attacks. (AC +1, EV +1)


Message History

You hit the goblin but do no damage.
The goblin is heavily wounded.
You constrict the goblin.
You kill the goblin!
No target in range!
Throw: 32 darts (poison)
Press: ? - help, Q - select action, (/) - cycle Shift-Dir - straight line, f - gnoll
Aim: a gnoll, wielding a +0 spear (61% to hit)
You throw a poisoned dart. The poisoned dart hits the gnoll.
The gnoll is poisoned.
You block the gnoll's attack.
The gnoll looks more healthy.
The gnoll hits you with a +0 spear.
You hit the gnoll. Your grab misses the gnoll. Your squeeze misses the gnoll.
The gnoll is moderately wounded.
The gnoll hits you with a +0 spear.
You barely miss the gnoll. Your grab misses the gnoll. You squeeze the gnoll!
The gnoll is almost dead.
You block the gnoll's attack. x2
You hit the gnoll.
You kill the gnoll!
You have reached level 4!
You start resting.
HP restored.
You see here a +0 spear.
c - 32 poisoned darts (gained 1)
You see here a goblin corpse.
A frilled lizard comes into view.
A frilled lizard is nearby!
You reach to attack!
The frilled lizard hisses angrily.
You hit the frilled lizard.
You kill the frilled lizard!
h - 2 scrolls labelled MAXEUL ACOI (gained 1)
Found a whip.
Found a broken altar of Ashenzari.
Found an escape hatch in the ceiling.
A gnoll is nearby!
A gnoll comes into view.
It is wielding a +0 spear and quivering atropa-tipped darts.
The gnoll shouts! x2
The gnoll closely misses you.
You hit the gnoll. Your grab misses the gnoll.
The gnoll is moderately wounded.
You block the gnoll's attack.
You hit the gnoll. You grab the gnoll.
The gnoll is moderately wounded.
You constrict the gnoll. The gnoll hits you with a +0 spear!
You block the gnoll's attack. x2
You hit the gnoll but do no damage.
The gnoll is heavily wounded.
You constrict the gnoll. The gnoll barely misses you.
The gnoll hits you but does no damage. You block the gnoll's attack.
You release your grip on the gnoll.
The gnoll closely misses you. You block the gnoll's attack.
Throw: 32 darts (poison)
Press: ? - help, Q - select action, (/) - cycle Shift-Dir - straight line, f - gnoll
Aim: a gnoll, wielding a +0 spear and quivering atropa-tipped darts (60% to hit)
You throw a poisoned dart.
The poisoned dart closely misses the gnoll.
You block the gnoll's attack. The gnoll closely misses you.
The gnoll throws an atropa-tipped dart.
The atropa-tipped dart hits you!
You are confused.
Non-targeted confused throw: 31 darts (poison)
Press: ? - help, Q - select action, (/) - cycle Dir - look around, f - activate
Okay, then.
You're too confused to move!
You feel less confused.
Throw: 31 darts (poison)
Press: ? - help, Q - select action, (/) - cycle Shift-Dir - straight line, f/p - gnoll
Aim: a gnoll, wielding a +0 spear and quivering atropa-tipped darts (60% to hit)
You throw a poisoned dart. The poisoned dart hits the gnoll.
The gnoll is poisoned.
The gnoll barely misses you. The gnoll barely misses you.
The gnoll hits you with a +0 spear.
* * * LOW HITPOINT WARNING * * *
You block the gnoll's attack.
The gnoll throws an atropa-tipped dart.
The atropa-tipped dart hits you!
You are confused.
Non-targeted confused throw: 30 darts (poison)
Press: ? - help, Q - select action, (/) - cycle Dir - look around, f - activate
Okay, then.
Unknown command.
It was a potion of curing.
You feel better.
The gnoll looks more healthy.
The gnoll hits you from afar with a +0 spear!
* * * LOW HITPOINT WARNING * * *
Throw: 30 darts (poison)
Press: ? - help, Q - select action, (/) - cycle Shift-Dir - straight line, f/p - gnoll
Aim: a gnoll, wielding a +0 spear and quivering atropa-tipped darts (moderately wounded, 60% to hit)
You throw a poisoned dart.
The poisoned dart barely misses the gnoll.
The gnoll completely misses you.
Throw: 29 darts (poison)
Press: ? - help, Q - select action, (/) - cycle Shift-Dir - straight line, f/p - gnoll
Aim: a gnoll, wielding a +0 spear and quivering atropa-tipped darts (moderately wounded, 60% to hit)
You throw a poisoned dart.
The poisoned dart barely misses the gnoll.
You block the gnoll's attack.
The gnoll hits you from afar with a +0 spear!
* * * LOW HITPOINT WARNING * * *
The gnoll hits you from afar with a +0 spear!
You die...

#..#.......#.#
......_.....##
#.......#..#
#.......#..# <
##.g...##..#
.).####.####..#
.........(..†.#
...###..###(g.#######
............g.@...†.#
...################.#
# #.# #.# #.# #.# #.#
#)# #.#


You could see 2 gnolls.

Vanquished Creatures
  Robin (D:1)
  A gnoll (D:2)
  A dart slug (D:1)
  4 bats
  8 goblins
  9 hobgoblins
  2 kobolds (D:1)
  6 frilled lizards
  3 rats
35 creatures vanquished.

Notes
Turn   | Place    | Note
-------+----------+-------------------------------------------
     0 | D:1      | rednaxela the Octopode Berserker began the quest for the
                  | Orb.
     0 | D:1      | Reached XP level 1. HP: 16/16 MP: 1/1
   234 | D:1      | Reached XP level 2. HP: 20/21 MP: 2/2
   950 | D:2      | Reached XP level 3. HP: 26/26 MP: 3/3
   961 | D:2      | Noticed Robin
   973 | D:2      | Reached ** piety under Trog
   974 | D:2      | Reached skill level 4 in Polearms
  1013 | D:1      | Killed Robin
  1123 | D:2      | Reached skill level 1 in Shields
  1302 | D:3      | Noticed Grinder
  1360 | D:2      | Found a glowing silver altar of Zin.
  1363 | D:2      | Found an ancient bone altar of Kikubaaqudgha.
  1364 | D:2      | Found a stormy altar of Qazlal.
  1436 | D:2      | Reached XP level 4. HP: 21/31 MP: 4/4
  1555 | D:2      | Found a broken altar of Ashenzari.
  1582 | D:2      | Slain by a gnoll

Illustrated notes

Levels and vault maps discovered:
D:1:      nzn_arrival_water_spiral, layout_basic, grunt_decor_fettered
D:2:      layout_basic, minitemple, old_standard_altar,
          grunt_temple_overflow_open, uniq_robin
D:3:      layout_rooms, dancing_weapons_uskayaw, minmay_lizard_king,
          uniq_crazy_yiuf_cottage, uniq_grinder, uniq_ijyb

Skill      XL: |  1  2  3 |
---------------+----------+-----
Polearms       | 4 |  4.3
Shields        | 1 |  1.4
Fighting       | |  3.1
Dodging        | |  3.1

Action                   |  1- 3 |  4- 6 || total
-------------------------+-------+-------++-------
Melee: Spear             |    85 |     4 ||    89
       Constrict         |    18 |     1 ||    19
       Tentacles         |    13 |       ||    13
Throw: Dart              |     1 |     4 ||     5
  Use: Potion            |       |     1 ||     1
 Stab: Sleeping          |     4 |       ||     4
Armor: Skin              |     8 |       ||     8
Dodge: Dodged            |    28 |     7 ||    35
Block: Tower shield      |    32 |     8 ||    40

Table legend: (Time is in decaauts)
 A = Elapsed time spent in this place.
 B = Non-inter-level travel time spent in this place.
 C = Inter-level travel time spent in this place.
 D = Time resting spent in this place.
 E = Time spent auto-exploring this place.
 F = Levels seen in this place.
 G = Mean time per level.
                   A        B        C        D        E       F      G
               +--------+--------+--------+--------+--------+-----+--------+
         Total |   1597 |   1572 |     25 |    193 |    864 |   3 |  532.3 |
       Dungeon |   1597 |   1572 |     25 |    193 |    864 |   3 |  532.3 |
               +--------+--------+--------+--------+--------+-----+--------+

Top non-repeatable levels by time:
     D:1: 1025 daAuts
     D:2: 570 daAuts
     D:3: 1 daAuts
